 Dungeon Crawl Stone Soup version 0.30-a0-777-ga9a30cbeda (webtiles) character file.

Game seed: 761148692776142424

879 Smoke131 the Thrower (level 8, -19/63 (75) HPs)
             Began as an Ogre Gladiator on Feb 14, 2023.
             Demolished by a wight
             ... wielding a +1 heavy great sword
              (28 damage)
             ... on level 5 of the Dungeon.
             The game lasted 00:13:20 (4614 turns).

Smoke131 the Thrower (Ogre Gladiator)               Turns: 4614, Time: 00:13:21

HP:   -19/63 (75)   AC:  6    Str: 19    XL:     8   Next: 5%
MP:   8/8           EV: 16    Int:  9    God:
Gold: 799           SH:  0    Dex: 18    Spells: 7/7 levels left

rFire   . . .      SeeInvis .    k - +5 flail (venom)
rCold   . . .      Faith    .    (no shield)
rNeg    . . .      Spirit   .    b - +1 robe
rPois   .          Reflect  .    m - +2 hat
rElec   .          Harm     .    (no cloak)
rCorr   .          Rampage  .    (gloves unavailable)
Will    .....                    (boots unavailable)
Stlth   ++                       (no amulet)
HPRegen 0.30/turn                n - +5 ring of evasion
MPRegen 0.11/turn                p - +6 ring of dexterity

@: heavily drained
A: large, unfitting armour, tough skin 1
a: no special abilities


You were on level 5 of the Dungeon.
You visited 1 branch of the dungeon, and saw 6 of its levels.

You collected 799 gold pieces.

Inventory:

Hand Weapons
 k - a +5 flail of venom (weapon)
Missiles
 d - 3 throwing nets
 e - a large rock
 g - 56 stones
 j - 5 poisoned darts
 o - 5 boomerangs (quivered)
Armour
 b - a +1 robe (worn)
 m - a +2 hat (worn)
Jewellery
 a - a ring of see invisible
 f - a ring of protection from fire
 n - a +5 ring of evasion (left hand)
 p - a +6 ring of dexterity (right hand)
Wands
 t - a wand of digging (5)
Scrolls
 q - a scroll of fear
 r - a scroll of brand weapon {unknown}
Potions
 c - a potion of resistance
 h - a potion of berserk rage
 i - a potion of haste
 l - a potion of curing


   Skills:
 - Level 3.0 Fighting
 - Level 3.1(3.5) Axes
 - Level 2.2(3.0) Maces & Flails
 + Level 8.4 Throwing
 - Level 3.0 Dodging


You had 7 spell levels left.
You didn't know any spells.
Your spell library contained the following spells:

 Spells                   Type           Power      Damage    Failure   Level
 Summon Small Mammal      Summ           0%         N/A       38%         1
 Call Canine Familiar     Summ           0%         N/A       77%         3
 Gell's Gravitas          Tloc           0%         N/A       77%         3
 Summon Guardian Golem    Hex/Summ       0%         N/A       77%         3
 Teleport Other           Tloc           0%         N/A       77%         3
 Dispersal                Tloc           0%         N/A       100%        6


Dungeon Overview and Level Annotations

Branches:
Dungeon (6/15)
 Temple: D:4-7

Altars:
Uskayaw

Shops:
D:2 :

Annotations:
D:6 Edmund


Innate Abilities, Weirdness & Mutations

You are too large for most types of armour.
You have tough skin. (AC +1)


Message History

Press: ? - help, Q - select action, (/) - cycle Shift-Dir - straight line, f/p - wight
Aim: a wight, wielding a +1 heavy great sword and wearing a +0 robe (66% to hit)
You throw a boomerang. The boomerang hits the wight.
The wight is lightly damaged.
The wight completely misses you.
You barely miss the wight.
The wight is lightly damaged.
You barely miss the wight.
The wight is lightly damaged.
The wight completely misses you.
You closely miss the wight.
The wight is lightly damaged.
The wight misses you.
You hit the wight.
The wight is lightly damaged.
The wight misses you.
You hit the wight but do no damage.
The wight is lightly damaged.
The wight barely misses you.
You barely miss the wight.
The wight is lightly damaged.
The wight hits you with a +1 heavy great sword!!
You feel drained.
You thump the wight!
The wight is severely damaged.
The wight completely misses you.
You hit the wight.
The wight is almost destroyed.
You closely miss the wight.
The wight is almost destroyed.
The wight hits you with a +1 heavy great sword!!
Ouch! That really hurt!
* * * LOW HITPOINT WARNING * * *
You closely miss the wight.
The wight is almost destroyed.
The wight completely misses you.
You closely miss the wight.
The wight is almost destroyed.
The wight hits you with a +1 heavy great sword!!
You die...

..#.....#.#.### #..............
..#####.#.#.# ##..............
............# ##...............
#####.###########).#####.########
...?....)....[.#..######.#
######.#######)..........#
####^#.....###...........#######
.....#####..##...........))...<#
####...####..#.z@.......########
..............>.........#
........................#
........................#
........................#
........................#
........................#
..............###########
..............#


You could see a wight.

Vanquished Creatures
  A water moccasin (D:6)
  A centaur (D:6)
  2 phantoms (D:6)
  A necrophage (D:5)
  Blork the orc (D:4)
  A wight (D:5)
  A howler monkey (D:6)
  A gnoll bouda (D:5)
  3 hounds
  An iguana (D:5)
  7 gnolls
  6 adders
  An ufetubus (D:4)
  2 dart slugs
  5 orcs
  6 endoplasms
  5 giant cockroaches
  2 goblins
  3 hobgoblins
  4 jackals (D:3)
  A quokka (D:1)
  7 ball pythons
  5 bats
  6 kobolds
  2 rats (D:2)
75 creatures vanquished.

Vanquished Creatures (others)
  4 plants (D:3)
4 creatures vanquished.

Grand Total: 79 creatures vanquished

Notes
Turn   | Place    | Note
-------+----------+-------------------------------------------
     0 | D:1      | Smoke131 the Ogre Gladiator began the quest for the Orb.
     0 | D:1      | Reached XP level 1. HP: 22/22 MP: 1/1
   347 | D:1      | Reached XP level 2. HP: 29/29 MP: 2/2
   922 | D:2      | Found Ireng's Vocational Training.
  1087 | D:2      | Reached skill level 1 in Maces & Flails
  1087 | D:2      | Reached XP level 3. HP: 11/37 MP: 3/3
  1638 | D:3      | Noticed a great orb of eyes
  1639 | D:3      | Found a faded altar of an unknown god.
  1648 | D:3      | Reached skill level 3 in Throwing
  1648 | D:3      | Reached XP level 4. HP: 43/45 MP: 4/4
  1655 | D:3      | Noticed a golden eye
  1655 | D:3      | Noticed a shining eye
  1655 | D:3      | Noticed an eye of devastation
  1894 | D:3      | Found a hide-covered altar of Uskayaw.
  2317 | D:4      | Reached XP level 5. HP: 51/53 MP: 5/5
  2521 | D:4      | Reached skill level 4 in Throwing
  2688 | D:4      | Noticed Blork the orc
  2706 | D:4      | Killed Blork the orc
  2964 | D:5      | Entered Level 5 of the Dungeon
  2975 | D:5      | Reached skill level 5 in Throwing
  2975 | D:5      | Reached XP level 6. HP: 52/61 MP: 6/6
  3054 | D:5      | Identified the +0 whip of the Wizarding Gods {holy, +Blink
                  | rPois Dex-2 Stlth+}
  3198 | D:5      | Reached skill level 6 in Throwing
  3706 | D:5      | Identified a scroll of acquirement
  3706 | D:5      | Acquired 386 gold pieces
  3903 | D:6      | Reached XP level 7. HP: 67/67 MP: 7/7
  3951 | D:6      | Reached skill level 7 in Throwing
  4196 | D:6      | Reached skill level 8 in Throwing
  4318 | D:6      | Noticed Edmund
  4553 | D:5      | Reached XP level 8. HP: 59/66 MP: 8/8
  4614 | D:5      | Demolished by a wight

Illustrated notes

Levels and vault maps discovered:
D:1:      dpeg_arrival_three_same_balls, layout_basic, serial_curves,
          eino_curves_04, eino_curves_03, eino_curves_03
D:2:      minmay_evil_eye, layout_basic, nicolae_shop_vocational
D:3:      layout_rooms, amcnicky_altar_gilded,
          hellmonk_ecumenical_altar_watching_god, minmay_misc_feat_columns,
          serial_bayou_pond_c, corexii_item_surrounded_by_moat
D:4:      layout_loops_ring, uniq_blork_the_orc
D:5:      layout_basic, minmay_fountain_box
D:6:      layout_loops_ring, grunt_ministairs_15, uniq_edmund,
          uniq_crazy_yiuf_cottage

Skill      XL: |  1  2  3  4  5  6  7 |
---------------+----------------------+-----
Fighting       | 3 |  3.0
Maces & Flails | 1 2 |  2.2
Dodging        | 3 |  3.0
Throwing       | 3 5 6 8 |  8.4
Axes           | |  3.1

Action                     |  1- 3 |  4- 6 |  7- 9 || total
---------------------------+-------+-------+-------++-------
  Melee: War axe           |    84 |    69 |       ||   153
         Punch             |     2 |     2 |       ||     4
         Dagger            |       |    22 |       ||    22
         Flail             |       |    55 |    50 ||   105
  Throw: Dart              |       |     3 |       ||     3
         Boomerang         |       |       |    10 ||    10
    Use: Scroll            |       |    13 |     1 ||    14
         Potion            |       |     5 |       ||     5
   Stab: Sleeping          |     3 |     2 |     1 ||     6
 Armour: Robe              |    39 |    51 |    11 ||   101
  Dodge: Dodged            |    72 |   154 |    44 ||   270

Table legend: (Time is in decaauts)
 A = Elapsed time spent in this place.
 B = Non-inter-level travel time spent in this place.
 C = Inter-level travel time spent in this place.
 D = Time resting spent in this place.
 E = Time spent auto-exploring this place.
 F = Levels seen in this place.
 G = Mean time per level.
                   A        B        C        D        E       F      G
               +--------+--------+--------+--------+--------+-----+--------+
         Total |   4677 |   4677 |      0 |    722 |   2713 |   6 |  779.5 |
       Dungeon |   4677 |   4677 |      0 |    722 |   2713 |   6 |  779.5 |
               +--------+--------+--------+--------+--------+-----+--------+

Top non-repeatable levels by time:
     D:5: 1152 daAuts
     D:1: 847 daAuts
     D:2: 814 daAuts
     D:4: 720 daAuts
     D:3: 620 daAuts
     D:6: 522 daAuts
